 Dungeon Crawl Stone Soup version 0.30-a0-137-gd8773701ce (webtiles) character file.

Game seed: 18059038518219526739

91 Julmuri the Magician (level 4, 0/31 HPs)
             Began as a Djinni Fire Elementalist on Sept 23, 2022.
             Slain by a ball python (2 damage)
             ... on level 2 of the Dungeon.
             The game lasted 00:17:10 (2476 turns).

Julmuri the Magician (Djinni Fire Elementalist)     Turns: 2476, Time: 00:17:10

Health: 0/31       AC:  2    Str:  7 (9)  XL:     4   Next: 88%
Gold:   103        EV:  9    Int: 13 (16) God:
                   SH:  0    Dex: 12 (14)

rFire   + + .      SeeInvis .    d - +0 dagger
rCold   x . .      Faith    .    (no shield)
rNeg    . . .      Spirit   .    a - +0 robe
rPois   ∞          Reflect  .    (no helmet)
rElec   .          Harm     .    (no cloak)
rCorr   .          Rampage  .    (no gloves)
Will    .....                    (boots unavailable)
Stlth   ++........               (no amulet)
HPRegen 0.10/turn                (no ring)
MPRegen 0.00/turn                (no ring)

@: weak-willed, flying, very slightly contaminated, hasted, constricted, very
quick
A: sickness immunity, fire resistance 2, cold vulnerability 1, float, innate
caster, HP casting, extra vitality 1
a: no special abilities


You were on level 2 of the Dungeon.
You visited 1 branch of the dungeon, and saw 2 of its levels.

You collected 103 gold pieces.

Inventory:

Hand Weapons
 d - a +0 dagger (weapon)
Armour
 a - a +0 robe (worn)
Scrolls
 c - a scroll of enchant weapon {unknown}
 g - a scroll of teleportation {unknown}
 i - a scroll of poison {unknown}
 j - 2 scrolls of identify {unknown}


   Skills:
 + Level 2.4 Dodging
 + Level 1.7 Stealth
 + Level 3.9 Spellcasting


You couldn't memorise any spells.
You knew the following spells:

 Your Spells              Type           Power      Damage    Failure   Level
a - Foxfire               Conj/Fire      48%        2x1d6     4%          1
b - Scorch                Fire           24%        2d6       6%          2
c - Kindle Blastsparks    Fire/Tloc/Air  24%        2d12      12%         3
d - Inner Flame           Hex/Fire       12%        N/A       12%         3
e - Flame Wave            Conj/Fire      12%        2d6       38%         4
f - Magic Dart            Conj           48%        1d5       4%          1
Your spell library was empty.

Dungeon Overview and Level Annotations

Branches:
Dungeon (2/15)

Altars:

Shops:
D:1 (


Innate Abilities, Weirdness & Mutations

You are immune to sickness and miasma.
You are immune to poison.
Your flesh is very heat resistant. (rF++)
You are vulnerable to cold. (rC-)
You float through the air rather than walking.
You learn spells naturally, not from books.
Your magical power is your life essence.
You have superior vitality. (+4 MHP)


Message History

The adder is heavily wounded.
* * * LOW HITPOINT WARNING * * *
Aiming: Magic Dart (safe; 3% risk of failure)
Press: ? - help, Q - select action, (/) - cycle Shift-Dir - straight line, f/p - adder
Aim: an adder (heavily wounded, weak-willed, 100% to hit)
The magic dart hits the adder.
The adder is severely wounded.
* * * LOW HITPOINT WARNING * * *
Aiming: Magic Dart (safe; 3% risk of failure)
Press: ? - help, Q - select action, (/) - cycle Shift-Dir - straight line, f/p - adder
Aim: an adder (severely wounded, weak-willed, 100% to hit)
The magic dart hits the adder but does no damage.
The adder is severely wounded.
* * * LOW HITPOINT WARNING * * *
Aiming: Magic Dart (safe; 3% risk of failure)
Press: ? - help, Q - select action, (/) - cycle Shift-Dir - straight line, f/p - adder
Aim: an adder (severely wounded, weak-willed, 100% to hit)
You miscast Magic Dart.
You are very lightly contaminated with residual magic.
Nothing appears to happen.
* * * LOW HITPOINT WARNING * * *
It was a potion of flight.
You feel more buoyant. The adder barely misses you.
It was a potion of degeneration.
There was something very wrong with that liquid.
You feel weakened.
You feel dopey.
You feel clumsy.
The ball python bites you but does no damage.
The ball python grabs you. The ball python constricts you.
* * * LOW HITPOINT WARNING * * *
The adder bites you.
* * * LOW HITPOINT WARNING * * *
You hit the ball python.
The ball python is severely wounded.
The ball python closely misses you. The ball python constricts you.
The adder bites you but does no damage.
You hit the ball python but do no damage.
The ball python is severely wounded.
The ball python barely misses you. The ball python bites you.
You die...

###..#.....#.##..#S
#...†###..#.##SbS##
#[##.†#..#.##..#. #
#######...##..##...## #
#...#...#..'.##.w#
#...###################
#.....####.............
#.....#S.........S.....
#...).@S.......########
#....S##########
#.....# #.....# #.....#
#.....# #######


You could see an adder (weak-willed) and 2 ball pythons.

Vanquished Creatures
  2 adders (D:2)
  4 worms (D:2)
  2 dart slugs (D:2)
  8 bats
  4 endoplasms (D:1)
  4 giant cockroaches
  3 goblins
  3 hobgoblins (D:2)
  11 jackals
  5 kobolds
  A quokka (D:1)
  2 ball pythons (D:2)
  4 rats
53 creatures vanquished.

Vanquished Creatures (others)
  21 foxfires (D:1)
21 creatures vanquished.

Grand Total: 74 creatures vanquished

Notes
Turn   | Place    | Note
-------+----------+-------------------------------------------
     0 | D:1      | Julmuri the Djinni Fire Elementalist began the quest for
                  | the Orb.
     0 | D:1      | Julmuri set off with the following spells memorised:
                  | Foxfire, Scorch, Kindle Blastsparks, Inner Flame, Flame
                  | Wave.
     0 | D:1      | Reached XP level 1. HP: 15/15 MP: 0/0
   158 | D:1      | Reached XP level 2. HP: 8/21 MP: 0/0
   416 | D:1      | Found Ippugo's Antique Weapon Emporium.
   528 | D:1      | Reached skill level 3 in Spellcasting
   540 | D:1      | Reached XP level 3. HP: 11/25 MP: 0/0
   540 | D:1      | Learned a level 1 spell: Magic Dart
  1377 | D:2      | Reached XP level 4. HP: 20/31 MP: 0/0
  2476 | D:2      | Slain by a ball python

Illustrated notes

Levels and vault maps discovered:
D:1:      co_arrival_random_square_maze, layout_rooms, serial_shops, shop_statue
D:2:      minmay_razor_zed, layout_rooms, kennysheep_big_empty_room

Skill      XL: |  1  2 |
---------------+-------+-----
Spellcasting   | 3 |  3.9
Dodging        | |  2.4
Stealth        | |  1.7

Action                   |  1- 3 |  4- 6 || total
-------------------------+-------+-------++-------
Melee: Dagger            |     2 |    11 ||    13
 Cast: Foxfire           |    18 |       ||    18
       Scorch            |    15 |     1 ||    16
       Magic Dart        |    37 |    66 ||   103
  Use: Potion            |     1 |     3 ||     4
       Scroll            |     1 |     1 ||     2
Armor: Robe              |    12 |    12 ||    24
Dodge: Dodged            |    24 |    26 ||    50

Table legend: (Time is in decaauts)
 A = Elapsed time spent in this place.
 B = Non-inter-level travel time spent in this place.
 C = Inter-level travel time spent in this place.
 D = Time resting spent in this place.
 E = Time spent auto-exploring this place.
 F = Levels seen in this place.
 G = Mean time per level.
                   A        B        C        D        E       F      G
               +--------+--------+--------+--------+--------+-----+--------+
         Total |   2464 |   2464 |      0 |    678 |   1080 |   2 | 1232.0 |
       Dungeon |   2464 |   2464 |      0 |    678 |   1080 |   2 | 1232.0 |
               +--------+--------+--------+--------+--------+-----+--------+

Top non-repeatable levels by time:
     D:2: 1450 daAuts
     D:1: 1014 daAuts
